 Dungeon Crawl Stone Soup version 0.28-b1-1-g3c77fb2ed1 (webtiles) character file.

Game seed: 8757197625363481498

82474 pkoi the Minotaur Blade (level 15, -6/115 HPs)
             Began as a Minotaur Gladiator on Jan 29, 2022.
             Was the Champion of Dithmenos.
             Mangled by an ogre (9 damage)
             ... on level 1 of the Orcish Mines on Jan 30, 2022.
             The game lasted 00:35:55 (23236 turns).

pkoi the Minotaur Blade (Minotaur Gladiator)       Turns: 23236, Time: 00:35:55

Health: -6/115     AC: 19    Str: 32    XL:     15   Next: 29%
Magic:  0/14       EV: 11    Int: 15    God:    Dithmenos [******]
Gold:   2532       SH:  0    Dex: 16    Spells: 14/14 levels left

rFire   + + +      SeeInvis +   a - +7 triple sword "Wonkewo" {flame, Will+ SInv}
rCold   + . .      Faith    .   (shield currently unavailable)
rNeg    . . .      Spirit   +   A - +0 chain mail "Hyqos" {Regen+ Str+2 Int+4}
rPois   +          Reflect  .   f - +1 hat of Vuetz {rF+ Str+3}
rElec   .          Harm     .   z - +2 cloak
rCorr   .          Rampage  .   (no gloves)
Will    ++...                   x - +2 pair of boots
Stlth   ..........              C - amulet of Afuem {Spirit rF++ Str+2}
HPRegen 1.09/turn               e - ring of Mutualism {rPois Int+6 Dex+3}
MPRegen 0.14/turn               k - ring of protection from cold

@: wreathed by umbra
A: horns 2, retaliatory headbutt, see invisible
a: Renounce Religion, Shadow Step, Shadow Form


You were on level 1 of the Orcish Mines.
You worshipped Dithmenos.
Dithmenos was exalted by your worship.
You visited 4 branches of the dungeon, and saw 22 of its levels.
You also visited: Ice Cave.

You collected 3426 gold pieces.
You spent 894 gold pieces at shops.

Inventory:

Hand Weapons
 a - the +7 triple sword "Wonkewo" (weapon) {flame, Will+ SInv}
   (You acquired it on level 3 of the Lair of Beasts)

   It burns those it strikes, dealing additional fire damage.
   Big, fiery blades are also staple armaments of hydra-hunters.
   SInv:      It lets you see invisible.
   Will:      It increases your willpower.
 b - a +2 shortbow of flaming
Missiles
 d - 3 throwing nets (quivered)
 o - 18 boomerangs
 u - 18 curare-tipped darts
 y - 328 arrows
Armour
 f - the +1 hat of Vuetz (worn) {rF+ Str+3}
   (You acquired it on level 1 of the Dungeon)

   Str:       It affects your strength (+3).
   rF:        It protects you from fire.
 x - a +2 pair of boots (worn)
 z - a +2 cloak (worn)
 A - the +0 chain mail "Hyqos" (worn) {Regen+ Str+2 Int+4}
   (You bought it in a shop on level 4 of the Dungeon)

   Str:       It affects your strength (+2).
   Int:       It affects your intelligence (+4).
   Regen:     It increases your rate of health regeneration.
Jewellery
 e - the ring of Mutualism (left hand) {rPois Int+6 Dex+3}
   (You acquired it on level 1 of the Dungeon)

   [ring of intelligence]

   Int:       It affects your intelligence (+6).
   Dex:       It affects your dexterity (+3).
   rPois:     It protects you from poison.
 k - a ring of protection from cold (right hand)
 C - the amulet of Afuem (around neck) {Spirit rF++ Str+2}
   (You acquired it on level 10 of the Dungeon)

   [amulet of guardian spirit]

   It causes incoming damage to be divided between your reserves of health and
   magic.
   Str:       It affects your strength (+2).
   rF:        It greatly protects you from fire.
 N - the ring "Nyunt" {Drain Will+ rCorr Str-4 Stlth+}
   (You found it on level 6 of the Lair of Beasts)

   [ring of willpower]

   Str:       It affects your strength (-4).
   rCorr:     It protects you from acid and corrosion.
   Drain:     It drains your maximum health when unequipped.
   Will:      It increases your willpower.
   Stlth:     It makes you more stealthy.
Wands
 h - a wand of mindburst (8)
 l - a wand of flame (13)
 s - a wand of charming (6)
 t - a wand of digging (4)
 B - a wand of polymorph (26)
 G - a wand of iceblast (10)
Scrolls
 g - 7 scrolls of identify
 i - 2 scrolls of enchant weapon
 j - 6 scrolls of teleportation
 D - 2 scrolls of fear
 E - a scroll of blinking
 F - 5 scrolls of enchant armour
 P - a scroll of summoning
 R - a scroll of silence
 V - a scroll of fog
Potions
 c - 4 potions of flight
 m - 6 potions of brilliance
 n - 3 potions of lignification
 p - 2 potions of haste
 q - 9 potions of curing
 r - 5 potions of heal wounds
 v - a potion of ambrosia
 I - 4 potions of magic
 K - a potion of attraction
 O - a potion of invisibility
Miscellaneous
 Q - a condenser vane (inert)
 S - a lightning rod (3/4)


   Skills:
 + Level 6.1 Fighting
 - Level 22.0 Long Blades
 + Level 13.1 Bows
 - Level 2.0 Throwing
 + Level 9.1 Armour
 + Level 3.5 Dodging
 + Level 6.1 Stealth
 - Level 1.0 Invocations
 + Level 11.2 Evocations


You had 14 spell levels left.
You didn't know any spells.
Your spell library contained the following spells:

 Spells                   Type           Power      Damage    Failure   Level
 Freeze                   Ice            0%         1d3       69%         1
 Slow                     Hex            0%         N/A       69%         1
 Blink                    Tloc           0%         N/A       83%         2
 Corpse Rot               Necr/Air       0%         N/A       83%         2
 Ensorcelled Hibernation  Hex/Ice        0%         N/A       83%         2
 Sublimation of Blood     Necr           0%         N/A       83%         2
 Wereblood                Tmut           0%         N/A       83%         2
 Confusing Touch          Hex            0%         N/A       96%         3
 Frozen Ramparts          Ice            0%         1d2       96%         3
 Gell's Gravitas          Tloc           0%         N/A       96%         3
 Inner Flame              Hex/Fire       0%         N/A       96%         3
 Ozocubu's Armour         Ice            0%         N/A       96%         3
 Spider Form              Tmut/Pois      0%         N/A       96%         3
 Stone Arrow              Conj/Erth      0%         3d7       96%         3
 Teleport Other           Tloc           0%         N/A       96%         3
 Vampiric Draining        Necr           0%         2d6       96%         3
 Anguish                  Hex/Necr       0%         N/A       100%        4
 Animate Armour           Summ/Erth      0%         N/A       100%        4
 Cause Fear               Hex            0%         N/A       100%        4
 Dispel Undead            Necr           0%         3d6       100%        4
 Hailstorm                Conj/Ice       0%         3d3       100%        4
 Manifold Assault         Tloc           0%         N/A       100%        5
 Summon Forest            Summ/Tloc      0%         N/A       100%        5
 Yara's Violent Unravell  Hex/Tmut       0%         3d3       100%        5
 Death Channel            Necr           0%         N/A       100%        6
 Dispersal                Tloc           0%         N/A       100%        6
 Eringya's Noxious Bog    Tmut/Pois      0%         N/A       100%        6
 Enfeeble                 Hex            0%         N/A       100%        7
 Ozocubu's Refrigeration  Ice            0%         4d5       100%        7
 Storm Form               Tmut/Air       0%         N/A       100%        7
 Summon Hydra             Summ           0%         N/A       100%        7
 Discord                  Hex            0%         N/A       100%        8
 Lehudib's Crystal Spear  Conj/Erth      0%         10d2      100%        8


Dungeon Overview and Level Annotations

Branches:
Dungeon (13/15)            Temple (1/1) D:7            Lair (6/6) D:11
 Shoals (0/4) Lair:3       Spider (0/4) Lair:2        Slime (0/5) Lair:6
    Orc (2/2) D:9          Vaults (0/5) D:13          IceCv (visited)
    Elf: Orc:2

Altars:
Ashenzari
Cheibriados
Dithmenos
Elyvilon
Fedhas
Gozag
Hepliaklqana
Kikubaaqudgha
Makhleb
Nemelex Xobeh
Okawaru
Qazlal
Ru
Sif Muna
Trog
Uskayaw
Vehumet
Wu Jian
Xom
Yredelemnul
Zin
The Shining One
Beogh
Jiyva

Shops:
D:2 (::((   D:4 [   D:10 ?   Orc:2 ==*!

Annotations:
Lair:4 exclusion: 2 oklob plants


Innate Abilities, Weirdness & Mutations

You have a pair of horns on your head.
You reflexively headbutt those who attack you in melee.
You have supernaturally acute eyesight. (SInv)


Message History

You slash the ogre! You burn the ogre. You headbutt the ogre.
You kill the ogre!
Dithmenos accepts your kill.
The two-headed ogre barely misses you. x2
The ogre mage hits you but does no damage.
The ogre misses you. The two-headed ogre closely misses you.
You furiously retaliate!
You headbutt the two-headed ogre. The two-headed ogre misses you.
You climb upwards.
There is a stone staircase leading down here.
You slash the two-headed ogre! You burn the two-headed ogre.
The two-headed ogre is heavily wounded.
Your shadow barely misses the two-headed ogre.
The two-headed ogre hits you with a +0 giant spiked club!!
The two-headed ogre hits you with a +0 giant spiked club.
The ogre closely misses you. You furiously retaliate!
You headbutt the ogre! The ogre hits you with a +0 giant club!
The two-headed ogre hits you with a +0 giant club!
* * * LOW HITPOINT WARNING * * *
The two-headed ogre barely misses you.
You are too injured to fight recklessly!
Unknown command.
You are too injured to fight recklessly!
Unknown command.
You are too injured to fight recklessly!
You dice the two-headed ogre like an onion!!!
You burn the two-headed ogre! You headbutt the two-headed ogre.
You kill the two-headed ogre!
Dithmenos accepts your kill. The ogre closely misses you.
Unknown command.
You slice the two-headed ogre!! You burn the two-headed ogre!
You kill the two-headed ogre!
Dithmenos accepts your kill. The ogre hits you with a +0 giant club!
* * * LOW HITPOINT WARNING * * *
The ogre hits you with a +0 giant club!
* * * LOW HITPOINT WARNING * * *
The ogre hits you with a +0 giant club!
You die...

##................#
#........#........##
##.#...............#
####.#..#........##
####............##
##.#..............#
#.........[.......#
###..............)..#
.##............O@O..#
..........[....O.).##
.......)).......#...#
.......#)..........##
#..................#
..................##
#.#................#
###.......#.......##
#........#....####


You could see 3 ogres.

Vanquished Creatures
  A fire dragon (Lair:6)
  Erolcha (D:13)
  2 boulder beetles (D:12)
  15 hydras
  2 centaur warriors (D:13)
  2 ogre magi (Orc:2)
  Erica (D:10)
  2 catoblepae
  9 two-headed ogres
  Urug (Lair:3)
  4 death yaks (Lair:6)
  Sonja (Lair:3)
  A skeletal warrior (D:13)
  A lindwurm (Lair:6)
  A swamp dragon (Lair:6)
  A bog body (IceCv)
  An orc knight (D:13)
  A necromancer (IceCv)
  An ugly thing (D:8)
  An oklob plant (Lair:3)
  2 merfolk sirens (Lair:3)
  3 manticores
  6 black mambas
  24 elephants
  3 cyclopes
  2 ice statues (IceCv)
  A torpor snail (Lair:6)
  16 cane toads
  9 komodo dragons
  An unseen horror (D:13)
  4 rime drakes
  4 yaktaurs (D:13)
  A freezing wraith (IceCv)
  4 anaconda simulacra (IceCv)
  2 kobold demonologists
  5 ice devils (IceCv)
  2 entropy weaver simulacra (IceCv)
  3 polar bears
  7 trolls
  2 merfolk (Lair:3)
  2 hornets
  4 blink frogs (Lair:5)
  10 slime creatures
  A dream sheep (Lair:6)
  5 culicivoras (Lair:2)
  A shadow (D:13)
  2 dire elephant simulacra (IceCv)
  2 wraiths
  5 basilisks
  A vampire (D:11)
  39 yaks
  2 wyverns
  A death yak simulacrum (IceCv)
  A steam dragon (Lair:6)
  3 vampire mosquitoes (D:11)
  A warg (Orc:2)
  Menkaure (D:4)
  2 harpy simulacra (IceCv)
  An acid dragon (D:11)
  12 water moccasins
  A hornet zombie (D:6)
  3 swamp drakes (Lair:6)
  2 ice beasts
  A necrophage (D:4)
  11 orc warriors
  3 black bears
  3 sky beasts
  10 centaurs
  18 ogres
  14 wolves
  A phantom (D:6)
  3 kobold brigands
  13 bullfrogs
  A gnoll sergeant (D:9)
  5 scorpions
  A two-headed ogre simulacrum (IceCv)
  A cane toad simulacrum (IceCv)
  14 killer bees
  8 wights
  An electric eel (Lair:4)
  6 howler monkeys
  2 centaur zombies
  16 orc priests
  A bullfrog zombie (D:4)
  A hound (D:5)
  A jelly (D:8)
  5 centaur skeletons
  A human zombie (D:4)
  4 bullfrog skeletons
  7 iguanas
  Ijyb (D:3)
  2 scorpion zombies (D:4)
  16 orc wizards
  11 hell rats
  A troll simulacrum (IceCv)
  A spriggan simulacrum (IceCv)
  A wolf simulacrum (IceCv)
  A killer bee zombie (D:8)
  3 hound zombies (D:4)
  2 mummies (D:4)
  15 gnolls
  9 adders
  2 shadow imps
  13 white imps
  An ufetubus (D:5)
  An adder zombie (D:4)
  An adder skeleton (D:4)
  A worm (D:2)
  5 dart slugs
  58 orcs
  9 bats
  8 endoplasms
  A giant cockroach (D:1)
  7 goblins
  8 hobgoblins
  15 jackals
  3 quokkas
  9 ball pythons
  3 frilled lizards
  8 kobolds
  A quokka skeleton (D:4)
  10 rats
631 creatures vanquished.

Vanquished Creatures (others)
  A rime drake (Lair:6)
  An orc wizard (D:13)
  20 fungi
  40 plants
62 creatures vanquished.

Grand Total: 693 creatures vanquished

Notes
Turn   | Place    | Note
-------+----------+-------------------------------------------
     0 | D:1      | pkoi the Minotaur Gladiator began the quest for the Orb.
     0 | D:1      | Reached XP level 1. HP: 18/18 MP: 0/0
     2 | D:1      | Noticed a draconian
     2 | D:1      | Noticed a troll
     4 | D:1      | Noticed a ghoul
     4 | D:1      | Noticed a merfolk
     6 | D:1      | Noticed a human
    10 | D:1      | Noticed a gargoyle
    12 | D:1      | Noticed a naga
    12 | D:1      | Noticed an ogre
    14 | D:1      | Noticed a tengu
    14 | D:1      | Noticed a spriggan
    16 | D:1      | Noticed a demigod
    18 | D:1      | Noticed a minotaur
    18 | D:1      | Noticed a vine stalker
    20 | D:1      | Noticed a felid
    20 | D:1      | Noticed a vampire
    22 | D:1      | Noticed an elf
    22 | D:1      | Noticed a formicid
    24 | D:1      | Noticed a demonspawn
    24 | D:1      | Noticed a dwarf
    26 | D:1      | Noticed an octopode
    63 | D:1      | Reached skill level 1 in Armour
   250 | D:1      | Reached XP level 2. HP: 22/25 MP: 1/1
   310 | D:1      | Reached skill level 4 in Long Blades
   421 | D:1      | Identified 2 scrolls of acquirement
   453 | D:1      | Acquired the ring of Mutualism {rPois Int+6 Dex+3}
   456 | D:1      | Acquired the +1 hat of Vuetz {rF+ Str+3}
   796 | D:1      | Reached XP level 3. HP: 29/31 MP: 2/2
  1094 | D:2      | Found Ompat's Weapon Emporium.
  1111 | D:2      | Found Juupp's Book Boutique.
  1319 | D:2      | Found Fyree's Book Shop.
  1386 | D:2      | Found Abaoqule's Antique Weapon Shop.
  1454 | D:2      | Reached XP level 4. HP: 40/40 MP: 3/3
  1528 | D:2      | Found Mienalun's Weapon Boutique.
  2322 | D:3      | Found a radiant altar of Vehumet.
  2323 | D:3      | Found a shimmering blue altar of Sif Muna.
  2325 | D:3      | Noticed Ijyb
  2341 | D:3      | Killed Ijyb
  2342 | D:3      | Reached skill level 5 in Long Blades
  2342 | D:3      | Reached XP level 5. HP: 15/46 MP: 4/4
  2885 | D:4      | Found a blossoming altar of Fedhas.
  3046 | D:4      | Noticed Menkaure
  3065 | D:4      | Killed Menkaure
  3066 | D:4      | Reached skill level 1 in Evocations
  3066 | D:4      | Reached XP level 6. HP: 52/55 MP: 5/5
  3154 | D:4      | Reached skill level 5 in Fighting
  3220 | D:4      | You fall into a shaft and drop 1 floor!
  3220 | D:5      | Entered Level 5 of the Dungeon
  3578 | D:5      | Noticed a sky beast
  3590 | D:5      | Killed a sky beast
  3591 | D:5      | Reached skill level 6 in Long Blades
  3591 | D:5      | Reached XP level 7. HP: 54/61 MP: 6/6
  3885 | D:5      | Reached skill level 5 in Armour
  4919 | D:4      | Found Igen's Antique Armour Emporium.
  4989 | D:4      | Reached XP level 8. HP: 70/70 MP: 7/7
  4996 | D:4      | Reached skill level 7 in Long Blades
  5061 | D:4      | Found a basalt altar of Yredelemnul.
  5546 | D:6      | Reached skill level 8 in Long Blades
  5603 | D:6      | Identified the +8 broad axe "Ellich" {freeze, Fly rPois rF-
                  | Str+7}
  5912 | D:6      | Reached skill level 5 in Evocations
  6030 | D:6      | Reached skill level 9 in Long Blades
  6199 | D:6      | Found a bloodstained altar of Trog.
  6214 | D:6      | Reached XP level 9. HP: 60/75 MP: 8/8
  6501 | D:6      | Found a snail-covered altar of Cheibriados.
  6687 | D:7      | Found a staircase to the Ecumenical Temple.
  6693 | Temple   | Entered the Ecumenical Temple
  6920 | Temple   | Became a worshipper of Dithmenos the Shadowed
  7336 | D:7      | Found a white marble altar of Elyvilon.
  7434 | D:7      | Reached skill level 1 in Stealth
  7493 | D:7      | Reached skill level 1 in Bows
  7576 | D:4      | Bought a glimmering chain mail for 218 gold pieces
  7576 | D:4      | Identified the +0 chain mail "Hyqos" {Regen+ Str+2 Int+4}
                  | (You bought it in a shop on level 4 of the Dungeon)
  8077 | D:7      | Found a hide-covered altar of Uskayaw.
  8440 | D:8      | Reached skill level 10 in Long Blades
  8512 | D:8      | Noticed a kobold demonologist
  8517 | D:8      | Killed a kobold demonologist
  8584 | D:8      | Reached * piety under Dithmenos
  8883 | D:8      | Noticed a purple ugly thing
  8884 | D:8      | Gained mutation: You have supernaturally acute eyesight.
                  | (SInv) [potion of mutation]
  8909 | D:8      | Killed a purple ugly thing
  8910 | D:8      | Reached XP level 10. HP: 81/83 MP: 9/9
  8926 | D:8      | Found a sacrificial altar of Ru.
  9428 | D:9      | Found a broken altar of Ashenzari.
  9563 | D:9      | Reached ** piety under Dithmenos
  9595 | D:9      | Reached skill level 11 in Long Blades
  9633 | D:9      | Reached skill level 5 in Bows
  9804 | D:9      | Found a glowing silver altar of Zin.
  9944 | D:9      | Found a staircase to the Orcish Mines.
 10223 | D:10     | Entered Level 10 of the Dungeon
 10334 | D:10     | Found a glowing golden altar of the Shining One.
 10350 | D:10     | Found Vetasoviz's Magic Scroll Shoppe.
 10481 | D:10     | Noticed Erica
 10491 | D:10     | Killed Erica
 10492 | D:10     | Reached XP level 11. HP: 58/89 MP: 10/10
 10683 | D:10     | Found a burning altar of Makhleb.
 10935 | D:11     | Reached skill level 12 in Long Blades
 10940 | D:11     | Identified the +7 war axe of Toleem Erchei {vorpal, rElec
                  | rF- rN+ Stlth+}
 10956 | D:11     | Noticed a seven-headed hydra
 10971 | D:11     | Reached *** piety under Dithmenos
 10992 | D:11     | Killed a three-headed hydra
 11081 | D:11     | Found a staircase to the Lair.
 11279 | Lair:1   | Entered Level 1 of the Lair of Beasts
 11279 | Lair:1   | Noticed an eight-headed hydra
 11288 | Lair:1   | Killed a five-headed hydra
 11406 | Lair:1   | Reached skill level 13 in Long Blades
 11629 | Lair:1   | Reached **** piety under Dithmenos
 11738 | Lair:1   | Reached XP level 12. HP: 86/96 MP: 11/11
 12526 | Lair:2   | Found a frozen archway.
 12534 | IceCv    | Entered an ice cave
 12580 | IceCv    | Reached skill level 10 in Evocations
 12732 | IceCv    | Reached skill level 5 in Stealth
 13063 | IceCv    | Reached skill level 14 in Long Blades
 13391 | IceCv    | Reached skill level 10 in Bows
 13872 | Lair:2   | Identified the +1 chain mail of Bide {rElec rPois Int-2
                  | Dex+3}
 13939 | Lair:2   | Found a hole to the Spider Nest.
 14663 | Lair:3   | Found an opulent altar of Gozag.
 14746 | Lair:3   | Noticed Urug
 14771 | Lair:3   | Killed Urug
 14857 | Lair:3   | Noticed Sonja
 14865 | Lair:3   | Killed Sonja
 14866 | Lair:3   | Reached XP level 13. HP: 31/102 MP: 12/12
 15129 | Lair:3   | Acquired the +7 triple sword "Wonkewo" {flame, Will+ SInv}
 15202 | Lair:3   | Reached ***** piety under Dithmenos
 15203 | Lair:3   | Found a staircase to the Shoals.
 15435 | Lair:3   | Reached skill level 1 in Invocations
 16138 | Lair:4   | Reached skill level 15 in Long Blades
 16241 | Lair:4   | Found a blossoming altar of Fedhas.
 16915 | Lair:5   | Reached skill level 16 in Long Blades
 17190 | Lair:5   | Reached skill level 17 in Long Blades
 17796 | Lair:6   | Entered Level 6 of the Lair of Beasts
 17975 | Lair:6   | Acquired 581 gold pieces
 18140 | D:10     | Bought a scroll of acquirement for 676 gold pieces
 18140 | D:10     | Acquired the amulet of Afuem {Spirit rF++ Str+2}
 18296 | Lair:6   | Reached XP level 14. HP: 87/110 MP: 9/13
 18301 | Lair:6   | Reached skill level 18 in Long Blades
 19328 | Lair:6   | Reached skill level 19 in Long Blades
 19355 | Lair:6   | Reached ****** piety under Dithmenos
 19541 | Lair:6   | Identified the ring "Nyunt" {Drain Will+ rCorr Str-4
                  | Stlth+}
 19707 | Lair:6   | Found a viscous altar of Jiyva.
 19708 | Lair:6   | Found a staircase to the Slime Pits.
 20648 | D:12     | Reached skill level 20 in Long Blades
 21453 | D:13     | Noticed Erolcha
 21468 | D:13     | Killed Erolcha
 21705 | D:13     | Found a gate to the Vaults.
 21721 | D:13     | Reached skill level 21 in Long Blades
 21953 | D:13     | Reached XP level 15. HP: 81/115 MP: 8/14
 22120 | D:13     | Acquired 1144 gold pieces
 22643 | Orc:1    | Entered Level 1 of the Orcish Mines
 22769 | Orc:2    | Entered Level 2 of the Orcish Mines
 23021 | Orc:2    | Found Aruil's Distillery.
 23027 | Orc:2    | Reached skill level 22 in Long Blades
 23027 | Orc:2    | Found Reli's Jewellery Emporium.
 23029 | Orc:2    | Found Gukiudau's General Store.
 23029 | Orc:2    | Found Atadghac's Jewellery Boutique.
 23236 | Orc:1    | HP: 3/115 [ogre (13)]
 23236 | Orc:1    | Mangled by an ogre

Illustrated notes

Levels and vault maps discovered:
D:1:      kb_arrival_jail, layout_loops_cross, hangedman_decor_push
D:2:      layout_basic, serial_shops, nicolae_lakefront_shop, shop,
          nicolae_shop_bloodbath_and_beyond, shop,
          nicolae_shop_temple_entry_statues_fountains, minmay_misc_feat_rows,
          minmay_rat_gold_closets
D:3:      layout_basic, overflow_temple_1_default, overflow_temple_1_default,
          serial_bayou_pond_b, uniq_ijyb
D:4:      layout_basic, lemuel_mausoleum_altar_yredelemnul,
          fedhas_altar_decomposition, serial_shops, nicolae_shop_crystal,
          uniq_menkaure
D:5:      layout_basic, minmay_tree_intersection, minivault_27, st_stairs_2,
          minmay_misc_feat_diagonals, minmay_door_square
D:6:      layout_basic, trog_three_pillars_becter, general_overflow_altar
D:7:      layout_layer_cave, nicolae_uskayaw_dance_hall, elyvilon_altar_4,
          minmay_temple_entry_hall, nicolae_underground_beach
D:8:      layout_rooms, nicolae_ru_the_path_less_chosen,
          small_chamber_with_monster, st_stairs_11
D:9:      layout_long_grid, lemuel_doored_altar, marbit_many_paths,
          kennysheep_orc_monster_closet_entryway, david_defended_altar_orc
D:10:     layout_layer_cave, tso_altar, bloody_makhleb, serial_shops,
          shop_statue, uniq_erica
D:11:     layout_roguey, david_lair_generic
D:12:     layout_roguey
D:13:     layout_loops_ring, hangedman_vaults_entry_quadrant_bands, uniq_erolcha
Temple:   jpeg_temple_island
Lair:1:   layout_regular_city, infiniplex_staircase_pool_2, grunt_megastairs_5
Lair:2:   layout_regular_city, hellmonk_spider_entry_life_and_decay,
          portal_ice_cave_entry_imps, chequers_serial_rivers_micro_c,
          grunt_megastairs_4
Lair:3:   layout_small_grid, elwin_shoals_entry_stream, serial_bayou_pond_d,
          lemuel_oklob_altar, grunt_megastairs_1, serial_bayou_shore_b,
          uniq_urug, uniq_sonja
Lair:4:   layout_regular_city, hangedman_tree_tricks, lemuel_fruit_fields,
          serial_bayou_shore_b, serial_bayou_shore_a
Lair:5:   layout_cave_pods, lookout_lair_type, minivault_19
Lair:6:   hangedman_lair_in_review, layout_long_grid, guppyfry_lair_end_dragon,
          dpeg_slime_entry_enclosed_altar, chequers_serial_rivers_marsh,
          minivault_25, infiniplex_staircase_pool, serial_bayou_shore_b
Orc:1:    layout_caves
Orc:2:    st_orc_ogre_mass, layout_caves, uniq_rupert

Skill      XL: |  1  2  3  4  5  6  7  8  9 10 11 12 13 14 15 |
---------------+----------------------------------------------+-----
Armour         | 1 2 3 4 5 6 7 9 |  9.1
Long Blades    | 4 5 6 9 10 11 13 14 17 21 22 | 22.0
Fighting       | 3 4 5 6 |  6.1
Evocations     | 1 2 3 5 6 8 9 11 | 11.2
Stealth        | 3 4 6 |  6.1
Bows           | 3 6 8 10 12 13 | 13.1
Invocations    | 1 |  1.0
Throwing       | |  2.0
Dodging        | |  3.5

Action                   |  1- 3 |  4- 6 |  7- 9 | 10-12 | 13-15 || total
-------------------------+-------+-------+-------+-------+-------++-------
Melee: Long sword        |    71 |   132 |   144 |       |       ||   347
       Headbutt          |     9 |    20 |    47 |   132 |   135 ||   343
       Punch             |       |     1 |     3 |     5 |       ||     9
       Broad axe         |       |       |    26 |       |       ||    26
       Scimitar          |       |       |    83 |   580 |     5 ||   668
       Triple sword      |       |       |       |       |   530 ||   530
 Fire: Shortbow          |       |       |    45 |   133 |    75 ||   253
Evoke: Wand              |       |     2 |     1 |       |       ||     3
       Lightning rod     |       |       |       |       |     1 ||     1
       Condenser vane    |       |       |       |       |     1 ||     1
  Use: Scroll            |     4 |     6 |     2 |     9 |     9 ||    30
       Potion            |     1 |     3 |     4 |       |       ||     8
 Stab: Sleeping          |       |     2 |     1 |       |       ||     3
       Confused          |       |       |       |       |     1 ||     1
Armor: Leather armour    |    24 |    50 |    51 |       |       ||   125
       Skin              |       |     3 |       |       |       ||     3
       Chain mail        |       |       |    45 |   311 |   294 ||   650
Dodge: Dodged            |    64 |    77 |   189 |   311 |   300 ||   941
